 Dungeon Crawl Stone Soup version 0.32-a0-290-g598725c5f2 (webtiles) character file.

Game seed: 13001319832403153405

1582 MachoJfn the Thaumaturge (level 9, -1/56 HPs)
             Began as a Djinni Fire Elementalist on Feb 13, 2024.
             Was an Initiate of Gozag.
             Shot with an arrow by a centaur (10 damage)
             ... on level 5 of the Dungeon.
             The game lasted 00:16:12 (4774 turns).

MachoJfn the Thaumaturge (Djinni Fire Elementalist) Turns: 4774, Time: 00:16:12

Health: -1/56      AC:  2    Str:  7    XL:     9   Next: 14%
Gold:   848        EV: 13    Int: 20    God:    Gozag SH:  0 Dex: 15

rFire   + + .        (no weapon)
rCold   x . .        (no shield)
rNeg    . . .        a - +0 robe
rPois   ∞            (no helmet)
rElec   .            (no cloak)
rCorr   .            (no gloves)
SInv    +            (boots unavailable)
Will    +....        (no amulet)
Stlth   ++           e - ring of willpower
HPRegen 0.29/turn    g - ring of see invisible
MPRegen 0.00/turn

%: infuse magic (-2 HP)
@: gold aura, flying
A: sickness immunity, fire resistance 2, cold vulnerability 1, float, innate
caster, HP casting, extra vitality 1
a: Renounce Religion, Potion Petition, Call Merchant, Bribe Branch


You were on level 5 of the Dungeon.
You worshipped Gozag.
Gozag was pleased with you.
You visited 1 branch of the dungeon, and saw 5 of its levels.
You also visited: Ossuary.

You collected 848 gold pieces.

Inventory:

Missiles
 b - 60 stones
 c - 5 poisoned darts
 j - 6 boomerangs
 A - 2 datura-tipped darts
Armour
 a - a +0 robe (worn)
Jewellery
 e - a ring of willpower (left hand)
 g - a ring of see invisible (right hand)
Scrolls
 d - 2 scrolls of identify
 f - a scroll of immolation
 h - 4 scrolls of amnesia {unknown}
 i - 4 scrolls of teleportation {unknown}
 k - a scroll of noise {unknown}
 n - 4 scrolls of silence {unknown}
 q - 2 scrolls of enchant weapon {unknown}
 r - a scroll of acquirement {unknown}
 u - 2 scrolls of revelation {unknown}
 y - a scroll of blinking {unknown}
Potions
 l - 2 potions of might {unknown}
 m - a potion of attraction {unknown}
 o - 2 potions of lignification
 p - 2 potions of mutation {unknown}
 s - a potion of berserk rage {unknown}
 t - a potion of degeneration {unknown}
 v - a potion of haste {unknown}
 x - a potion of enlightenment {unknown}
 z - a potion of brilliance {unknown}
 B - a potion of ambrosia {unknown}


   Skills:
 + Level 0.8 Fighting
 + Level 4.1 Dodging
 + Level 3.5 Stealth
 * Level 8.2 Spellcasting
 * Level 8.2 Conjurations
 * Level 8.2 Hexes
 * Level 8.2 Summonings
 * Level 8.2 Necromancy
 * Level 8.2 Translocations
 * Level 8.2 Fire Magic
 * Level 8.2 Ice Magic
 * Level 8.2 Air Magic
 * Level 8.2 Earth Magic
 * Level 8.2 Alchemy


You knew the following spells:

 Your Spells              Type           Power      Damage    Failure   Level
a - Foxfire               Conj/Fire      100%       2x1d9     1%          1
b - Scorch                Fire           82%        2d8       1%          2
c - Volatile Blastmotes   Fire/Tloc      82%        2d16      1%          3
d - Inner Flame           Hex/Fire       41%        N/A       1%          3
e - Flame Wave            Conj/Fire      41%        2d11      2%          4
f - Apportation           Tloc           82%        N/A       1%          1
g - Static Discharge      Conj/Air       82%        3-7/arc   1%          2
h - Mercury Vapours       Alch/Air       82%        N/A       1%          2
i - Mephitic Cloud        Conj/Alch/Air  41%        N/A       1%          3
Your spell library was empty.

Dungeon Overview and Level Annotations

Branches:
Dungeon (5/15)            Ossuary (visited)
 Temple: D:4-7

Altars:
Cheibriados
Gozag
Ru
Xom


Innate Abilities, Weirdness & Mutations

You are immune to sickness and miasma.
You are immune to poison.
Your flesh is very heat resistant. (rF++)
You are vulnerable to cold. (rC-)
You float through the air rather than walking.
You learn spells naturally, not from books.
Your magical power is your life essence.
You have superior vitality. (+4 MHP)


Message History

Nothing appears to happen.
You start resting.
An orc wizard comes into view. It is wielding a +0 dagger.
Items here: $ ) / [.
You see here 5 gold pieces.
Casting: Scorch (safe; 1% risk of failure)
Confirm with . or Enter, or press ? or * to list all spells.
Flames lash the orc wizard.
The orc wizard is almost dead.
The orc wizard's fire resistance burns away.
You hear a shout!
You hear a bark!
The orc wizard closely misses you.
Casting: Scorch (safe; 1% risk of failure)
Confirm with . or Enter, or press ? or * to list all spells.
Flames lash the orc wizard.
The orc wizard is burned terribly!
You kill the orc wizard!
Casting: Scorch (safe; 1% risk of failure)
Confirm with . or Enter, or press ? or * to list all spells.
Nothing appears to happen.
A centaur comes into view.
Things that are here:
8 gold pieces; a +0 flail The centaur wields a +0 shortbow.
The centaur shoots an arrow.
The arrow hits you!
Casting: Scorch (safe; 1% risk of failure)
Confirm with . or Enter, or press ? or * to list all spells.
Flames lash the centaur.
The centaur is lightly wounded.
The centaur's fire resistance burns away.
The centaur shoots an arrow.
The arrow hits you!
* * * LOW HITPOINT WARNING * * *
Casting: Scorch (safe; 1% risk of failure)
Confirm with . or Enter, or press ? or * to list all spells.
Flames lash the centaur.
The centaur is burned terribly!
The centaur is heavily wounded.
* * * LOW HITPOINT WARNING * * *
You hear a shout!
The centaur shoots an arrow.
The arrow hits you!
You die...
Your body crumbles into a pile of gold.

###########
........#.#####
####
............$.#
#..#
.............#
#..#
............#
##.#
#.........# #..
#$@..# ##.
#$$..# #.
##c...# #.
####.....# ##
.........## #
..#####...# #
##..## # ##..##
# ##.<## #


You could see a centaur (combustible).

Vanquished Creatures
  Pikel (D:4)
  Grinder (D:4)
  A water moccasin (D:5)
  A lemure (D:4)
  A scorpion (D:5)
  3 wights (D:5)
  2 hounds (D:4)
  A jelly (D:5)
  Ijyb (D:5)
  3 iguanas
  Natasha (thrice) (D:2)
  An orc wizard (D:5)
  8 mummies (Ossuary)
  5 adders
  2 ribbon worms
  A dart slug (D:3)
  2 orcs
  7 ball pythons
  7 bats
  12 endoplasms
  4 giant cockroaches
  11 goblins
  9 hobgoblins
  5 jackals
  4 quokkas
  A frilled lizard (D:1)
  3 gnoll zombies (Ossuary)
  A hobgoblin zombie (Ossuary)
  4 kobolds
  2 kobold zombies (Ossuary)
  2 orc zombies (Ossuary)
  4 rats
113 creatures vanquished.

Vanquished Creatures (others)
  217 foxfires
217 creatures vanquished.

Grand Total: 330 creatures vanquished

Notes
Turn   | Place    | Note
-------+----------+-------------------------------------------
     0 | D:1      | MachoJfn the Djinni Fire Elementalist began the quest for
                  | the Orb.
     0 | D:1      | MachoJfn set off with the following spells memorised:
                  | Foxfire, Scorch, Volatile Blastmotes, Inner Flame, Flame
                  | Wave.
     0 | D:1      | Reached XP level 1. HP: 15/15 MP: 0/0
    32 | D:1      | Reached XP level 2. HP: 21/21 MP: 0/0
   213 | D:1      | Reached XP level 3. HP: 20/25 MP: 0/0
   213 | D:1      | Learned a level 1 spell: Apportation
   815 | D:2      | Reached XP level 4. HP: 26/31 MP: 0/0
   972 | D:2      | Noticed Natasha
   975 | D:2      | Killed Natasha
   976 | D:2      | Reached XP level 5. HP: 33/35 MP: 0/0
   976 | D:2      | Learned a level 2 spell: Static Discharge
   990 | D:2      | Found a faded altar of an unknown god.
  1007 | D:2      | Prayed at the altar of an unknown god.
  1007 | D:2      | Became a worshipper of Gozag Ym Sagoz the Greedy
  1230 | D:2      | Noticed Natasha
  1237 | D:2      | Killed Natasha
  1563 | D:2      | Noticed Natasha
  1570 | D:2      | Killed Natasha
  1571 | D:2      | Reached XP level 6. HP: 36/40 MP: 0/0
  1877 | D:3      | Found a shimmering altar of Xom.
  2711 | D:4      | Found a sacrificial altar of Ru.
  2804 | D:4      | Reached skill level 5 in Spellcasting
  2804 | D:4      | Reached skill level 5 in Conjurations
  2804 | D:4      | Reached skill level 5 in Hexes
  2804 | D:4      | Reached skill level 5 in Summonings
  2804 | D:4      | Reached skill level 5 in Necromancy
  2804 | D:4      | Reached skill level 5 in Translocations
  2804 | D:4      | Reached skill level 5 in Fire Magic
  2804 | D:4      | Reached skill level 5 in Ice Magic
  2804 | D:4      | Reached skill level 5 in Air Magic
  2804 | D:4      | Reached skill level 5 in Earth Magic
  2804 | D:4      | Reached skill level 5 in Alchemy
  3081 | D:4      | Found a sand-covered staircase.
  3087 | Ossuary  | Entered an ossuary
  3153 | Ossuary  | Reached XP level 7. HP: 27/45 MP: 0/0
  3153 | Ossuary  | Learned a level 2 spell: Mercury Vapours
  3883 | D:4      | Found a snail-covered altar of Cheibriados.
  3915 | D:4      | Noticed Pikel
  3923 | D:4      | Killed Pikel
  3924 | D:4      | Reached XP level 8. HP: 36/50 MP: 0/0
  4164 | D:4      | Noticed Grinder
  4174 | D:4      | Killed Grinder
  4485 | D:5      | Entered Level 5 of the Dungeon
  4519 | D:5      | Reached XP level 9. HP: 47/56 MP: 0/0
  4519 | D:5      | Learned a level 3 spell: Mephitic Cloud
  4751 | D:5      | Noticed Ijyb
  4761 | D:5      | Killed Ijyb
  4774 | D:5      | Shot with an arrow by a centaur

Illustrated notes

Levels and vault maps discovered:
D:1:      lightli_arrival_maybe_door_vault, layout_basic
D:2:      layout_loops_ring, ebering_ecumenical_altar_webs, minmay_tetromino_i2,
          uniq_natasha
D:3:      layout_loops_ring, xom_confusion_cloud
D:4:      minmay_wonky_spiral, layout_loops_corners, old_standard_altar,
          lemuel_coloured_pillars_altar, nicolae_ossuary_entry_plus,
          uniq_grinder, uniq_pikel
D:5:      layout_cave_pods, sigmund_army, uniq_ijyb

Skill      XL: |  1  2  3  4  5  6  7  8  9 |
---------------+----------------------------+-----
Stealth        | 2 3 |  3.5
Dodging        | 3 4 |  4.1
Spellcasting   | 4 5 6 7 8 |  8.2
Conjurations   | 4 5 6 7 8 |  8.2
Hexes          | 4 5 6 7 8 |  8.2
Summonings     | 4 5 6 7 8 |  8.2
Necromancy     | 4 5 6 7 8 |  8.2
Translocations | 4 5 6 7 8 |  8.2
Fire Magic     | 4 5 6 7 8 |  8.2
Ice Magic      | 4 5 6 7 8 |  8.2
Air Magic      | 4 5 6 7 8 |  8.2
Earth Magic    | 4 5 6 7 8 |  8.2
Alchemy        | 4 5 6 7 8 |  8.2
Fighting       | |  0.8

Action                     |  1- 3 |  4- 6 |  7- 9 || total
---------------------------+-------+-------+-------++-------
   Cast: Foxfire           |    39 |    95 |    51 ||   185
         Scorch            |     3 |    32 |    32 ||    67
         Apportation       |     1 |       |       ||     1
         Flame Wave        |       |     1 |     2 ||     3
    Use: Scroll            |       |     3 |       ||     3
         Potion            |       |       |     3 ||     3
 Armour: Robe              |     2 |     7 |    13 ||    22
         Skin              |       |       |    10 ||    10
  Dodge: Dodged            |     5 |    10 |    10 ||    25

Table legend: (Time is in decaauts)
 A = Elapsed time spent in this place.
 B = Non-inter-level travel time spent in this place.
 C = Inter-level travel time spent in this place.
 D = Time resting spent in this place.
 E = Time spent auto-exploring this place.
 F = Levels seen in this place.
 G = Mean time per level.
                   A        B        C        D        E       F      G
               +--------+--------+--------+--------+--------+-----+--------+
         Total |   4771 |   4196 |    575 |    767 |   2597 |   6 |  795.2 |
       Dungeon |   4329 |   3754 |    575 |    572 |   2499 |   5 |  865.8 |
       Ossuary |    441 |    441 |      0 |    195 |     98 |   1 |  441.0 |
               +--------+--------+--------+--------+--------+-----+--------+

Top non-repeatable levels by time:
     D:4: 1337 daAuts
     D:2: 1144 daAuts
     D:3: 827 daAuts
     D:1: 731 daAuts
 Ossuary: 441 daAuts
     D:5: 288 daAuts
